 Dungeon Sprint DCSS version 0.16-a0-3841-g2612308 (console) character file.

21 Monkaria the Skirmisher (level 2, 29/29 HPs)
             Began as a Hill Orc Fighter on Jan 30, 2015.
             Quit the game in the Dungeon (Sprint IX: "|||||||||||||||||||||||||||||").
             The game lasted 00:00:21 (276 turns).

Monkaria the Skirmisher (Hill Orc Fighter)           Turns: 276, Time: 00:00:21

Health: 29/29      AC:  6    Str: 18    XL:     2   Next: 83%
Magic:  2/2        EV:  7    Int:  8    God:
Gold:   0          SH:  9    Dex: 10    Spells: 0 memorised, 1 level left

rFire  . . .     SeeInvis .     a - +0 long sword
rCold  . . .     Clarity  .     b - +0 scale mail
rNeg   . . .     SustAb   .     c - +0 shield
rPois  .         Gourm    .     (no helmet)
rElec  .         Spirit   .     (no cloak)
rCorr  .         Warding  .     (no gloves)
rMut   .         NoTele   +     (no boots)
MR     .....                    (no amulet)
Stlth  ..........               (no ring)
                                (no ring)

@: not resistant to hostile enchantments, extremely unstealthy
A: no striking features
a: no special abilities


You were in the Dungeon.
You were not hungry.

You visited 1 branch

Inventory:

Hand weapons
 a - a +0 long sword (weapon)
Armour
 b - a +0 scale mail (worn)
 c - a +0 shield (worn)
 p - a +0 cloak
 q - a +0 helmet
 r - a +0 plate armour
Jewellery
 s - a +2 ring of evasion
 t - a +2 ring of protection
Magical devices
 o - a wand of draining (7)
Scrolls
 k - 2 scrolls of blinking
 m - 3 scrolls of remove curse
 n - 2 scrolls of amnesia
Potions
 e - a potion of might
 f - 5 potions of curing
 g - 3 potions of heal wounds
 h - a potion of haste
 i - 4 potions of magic
 j - a potion of berserk rage
 l - a potion of invisibility
Comestibles
 d - a meat ration


   Skills:
 + Level 5.2 Fighting
 * Level 5.2 Long Blades
 - Level 3.2 Armour
 - Level 3.2 Shields


You had one spell level left.
You didn't know any spells.

Dungeon Overview and Level Annotations

Branches:
Dungeon (1/1)

Altars:
Cheibriados
Dithmenos
Elyvilon
Fedhas
Gozag
Kikubaaqudgha
Makhleb
Nemelex Xobeh
Okawaru
Qazlal
Ru
Sif Muna
Trog
Vehumet
Xom
Yredelemnul
Zin
The Shining One
Beogh
Jiyva
Lugonu


Message History

i - 4 potions of magic (gained 2);
l - a potion of invisibility
g - 3 potions of heal wounds (gained 2);
f - 5 potions of curing (gained 4)
m - 3 scrolls of remove curse;
n - 2 scrolls of amnesia
k - 2 scrolls of blinking (gained 1)
o - a wand of draining (7)
You see here an uncursed staff of energy.
Items here: ))))))
You see here a +0 cloak.
You see here a +0 helmet.
You see here a +0 cloak.
p - a +0 cloak You see here a +0 helmet.
q - a +0 helmet You see here a +0 plate armour.
r - a +0 plate armour
s - a +2 ring of evasion
t - a +2 ring of protection
Items here: ))))))
Okay, then.
Are you sure you want to abandon this character and quit the game? (Confirm with "yes".) ▓▓▓▓▓▓▓▓▓▓▓▓▓▓▓▓▓▓▓▓▓▓▓ ____________'..|@.....+ ▓▓▓▓▓▓▓▓▓▓▓▓▓▓▓▓▓▓▓▓▓▓▓

There were no monsters in sight!

Vanquished Creatures
  An adder (D)
  A giant mite (D)
  A jackal (D)
  A quokka (D)
  A bat (D)
  A giant newt (D)
  A goblin (D)
  3 rats (D)
10 creatures vanquished.

Notes
Turn   | Place    | Note
--------------------------------------------------------------
     0 | D        | Monkaria, the Hill Orc Fighter, began the quest for the Orb.
     0 | D        | Reached XP level 1. HP: 19/19 MP: 1/1
    23 | D        | Reached skill level 4 in Fighting
    26 | D        | Reached XP level 2. HP: 21/28 MP: 2/2
   104 | D        | Reached skill level 5 in Fighting
   104 | D        | Reached skill level 5 in Long Blades
   227 | D        | Found a glowing silver altar of Zin.
   227 | D        | Found a glowing golden altar of the Shining One.
   227 | D        | Found an ancient bone altar of Kikubaaqudgha.
   227 | D        | Found a basalt altar of Yredelemnul.
   227 | D        | Found a shimmering altar of Xom.
   227 | D        | Found a radiant altar of Vehumet.
   227 | D        | Found an iron altar of Okawaru.
   228 | D        | Found a burning altar of Makhleb.
   229 | D        | Found a deep blue altar of Sif Muna.
   230 | D        | Found a bloodstained altar of Trog.
   231 | D        | Found a sparkling altar of Nemelex Xobeh.
   232 | D        | Found a white marble altar of Elyvilon.
   233 | D        | Found a roughly hewn altar of Beogh.
   234 | D        | Found a viscous altar of Jiyva.
   235 | D        | Found a corrupted altar of Lugonu.
   236 | D        | Found a blossoming altar of Fedhas.
   237 | D        | Found a snail-covered altar of Cheibriados.
   238 | D        | Found a shadowy altar of Dithmenos.
   239 | D        | Found a stormy altar of Qazlal.
   240 | D        | Found an opulent altar of Gozag.
   241 | D        | Found a sacrificial altar of Ru.
   276 | D        | Quit the game

Action                   || total
-------------------------++-------
Melee: Long sword        ||    48
